 Dungeon Crawl Stone Soup version 0.30-a0-862-g1aabd4f9c5 (webtiles) character file.

Game seed: 11729885881247310668

130 ytrimaz the Chopper (level 5, -1/41 HPs)
             Began as a Formicid Fighter on Mar 9, 2023.
             Slain by Edmund
             ... wielding a +3 flail of protection
              (8 damage)
             ... on level 4 of the Dungeon.
             The game lasted 00:02:54 (2409 turns).

ytrimaz the Chopper (Formicid Fighter)              Turns: 2409, Time: 00:02:55

Health: -1/41      AC:  6    Str: 22    XL:     5   Next: 36%
Magic:  5/5        EV: 10    Int:  8    God:
Gold:   141        SH:  5    Dex: 13    Spells: 4/4 levels left

rFire   + . .      SeeInvis +    a - +0 war axe
rCold   . . .      Faith    .    c - +0 buckler
rNeg    . . .      Spirit   .    g - +1 ring mail {rF+}
rPois   .          Reflect  .    (helmet unavailable)
rElec   .          Rampage  .    (no cloak)
rCorr   .                        (no gloves)
Will    .....                    (no boots)
Stlth   +                        (no amulet)
HPRegen 0.26/turn                (no ring)
MPRegen 0.09/turn                (no ring)

@: mighty
A: permanent stasis, dig shafts and tunnels, antennae 3, four strong arms
a: Dig, Shaft Self


You were on level 4 of the Dungeon.
You visited 1 branch of the dungeon, and saw 4 of its levels.

You collected 141 gold pieces.


Innate Abilities, Weirdness & Mutations

You cannot be hasted, slowed, berserked, paralysed or teleported.
You can dig through walls and to a lower floor.
You have a pair of large antennae on your head. (SInv)
Your four strong arms can wield two-handed weapons with a shield.


   Skills:
 - Level 3.2 Fighting
 + Level 5.2 Axes
 - Level 3.2 Armour
 - Level 4.0 Shields


You had 4 spell levels left.
You didn't know any spells.
Your spell library contained the following spells:

 Spells                   Type           Power      Damage    Failure   Level
 Iskenderun's Battlesphe  Conj           0%         2d6       100%        5
 Iron Shot                Conj/Erth      0%         9d1       100%        6
 Spellforged Servitor     Conj/Summ      0%         N/A       100%        7

Inventory:

Hand Weapons
 a - a +0 war axe (weapon)
 j - a +0 broad axe
   (You took it off a kobold on level 2 of the Dungeon)
Armour
 c - a +0 buckler (worn)
 g - a +1 ring mail of fire resistance (worn)
   (You found it on level 2 of the Dungeon)
Scrolls
 h - a scroll of vulnerability {unknown}
Potions
 b - a potion of resistance {unknown}
 e - 2 potions of heal wounds
 f - 2 potions of invisibility
 i - a potion of curing {unknown}
 l - a potion of magic {unknown}
 m - a potion of degeneration {unknown}
 o - a potion of cancellation {unknown}

Dungeon Overview and Level Annotations

Branches:
Dungeon (4/15) Zot: 21538
 Temple: D:4-7

Altars:

Shops:
D:3 [

Annotations:
D:4 Edmund

### .... ####
....######..
.........#.#
#......#.# {
#...†....#
#...@@...#####..
#####.#.........
#...#.#####.###
#.###..........
#......####.###
##..#........#
.....#....#####
#.####.#....#
###
.........>..#
#..


You could see Edmund.


Message History

The frilled lizard bites you but does no damage. 😕 HP[-2]
You take 2 damage, and now have 39/41 hp.
You miss the frilled lizard. The frilled lizard closely misses you.
You hit the frilled lizard.
You kill the frilled lizard! 😕 HP[+1]
You see here a frilled lizard corpse.
Unknown command.
No target in view!
There is an entrance to Qoygonebb's Armour Boutique here. 😎 HP[+1]
Your hp is fully restored (41).
Key pressed, stopping explore.
You sense a monster nearby.
An orc comes into view. It is wielding a +0 dagger.
An endoplasm comes into view.
The orc shouts!
The endoplasm quivers.
You slash the orc!
You kill the orc!
You hit the endoplasm.
You kill the endoplasm!
Unknown command.
You see here a +0 dagger.
No target in view!
Found a stone staircase leading up.
Unknown command.
Done exploring.
Done exploring.
Done exploring.
Done exploring.
No target in view!
Done exploring.
As you read the scroll labelled ZIPIBUEPSIZE, it crumbles to dust.
It is a scroll of amnesia.
You feel forgetful for a moment.
As you read the scroll labelled QAKARGH HEACADGH, it crumbles to dust.
You assume a fearsome visage.
Nothing appears to happen.
It was a scroll of fear.
Unknown command.
Done exploring.
Done exploring.
There is an open door here.
There is an open door here.
There is a stone staircase leading down here.
You climb downwards.
There is a stone staircase leading up here.
As you open the door, it creaks loudly!
There is an open door here.
There is an open door here.
Found a stone staircase leading down.
You now have 141 gold pieces (gained 19).
Found a stone staircase leading down.
h - a scroll labelled HEASEBR IWKONN You sense a monster nearby.
i - a bubbling black potion You sense a monster nearby.
Edmund the Younger comes into view.
He is wielding a +3 flail of protection.
Edmund shouts!
A hobgoblin comes into view.
The hobgoblin shouts!
Edmund closely misses you.
You feel very mighty all of a sudden. You block the hobgoblin's attack.
Edmund hits you with a +3 flail of protection! 😕 HP[-8]
You take 8 damage, and now have 33/41 hp.
You completely miss Edmund. You closely miss the hobgoblin.
The hobgoblin hits you but does no damage.
Edmund hits you with a +3 flail of protection! 😮 HP[-7]
You take 7 damage, and now have 26/41 hp.
Unknown command.
You slash Edmund! You hit the hobgoblin.
You kill the hobgoblin!
You block Edmund's attack.
You are too injured to fight recklessly!
You completely miss Edmund. You block Edmund's attack.
You hit Edmund.
Edmund hits you with a +3 flail of protection!
* * * LOW HITPOINT WARNING * * *
Unknown command. 😨 HP[-8]
You take 8 damage, and now have 18/41 hp.
You barely miss Edmund.
Edmund hits you with a +3 flail of protection.
* * * LOW HITPOINT WARNING * * *
Edmund hits you with a +3 flail of protection.
* * * LOW HITPOINT WARNING * * *
😨 HP[-6]
You take 6 damage, and now have 12/41 hp.
You barely miss Edmund.
Edmund hits you with a +3 flail of protection.
* * * LOW HITPOINT WARNING * * *
😱 HP[-6]
You take 6 damage, and now have 6/41 hp.
You barely miss Edmund.
Edmund hits you with a +3 flail of protection!
You die...

Skill      XL: |  1  2  3  4 |
---------------+-------------+-----
Axes           | 3 4 5 |  5.2
Fighting       | |  3.2
Armour         | |  3.2
Shields        | |  4.0

Action                     |  1- 3 |  4- 6 || total
---------------------------+-------+-------++-------
  Melee: War axe           |    69 |    67 ||   136
    Use: Scroll            |     1 |     5 ||     6
         Potion            |       |     1 ||     1
 Armour: Scale mail        |    33 |       ||    33
         Ring mail         |     1 |    28 ||    29
  Dodge: Dodged            |    38 |    26 ||    64
  Block: Buckler           |    26 |    27 ||    53

Levels and vault maps discovered:
D:1:      roderic_chinese_lattice_arrival, layout_rooms,
          shapermc_ecumenical_altar_notcrosses
D:2:      layout_loops_corners, minivault_4, minmay_shallow_snake_nest
D:3:      layout_basic, serial_shops, shop, uniq_jessica
D:4:      layout_basic, fedhas_ov_isle_minmay, uniq_edmund

Notes
Turn   | Place    | Note
-------+----------+-------------------------------------------
     0 | D:1      | ytrimaz the Formicid Fighter began the quest for the Orb.
     0 | D:1      | Reached XP level 1. HP: 18/18 MP: 1/1
     0 | D:1      | magus.rc [v1.9.6]
    39 | D:1      | Reached XP level 2. HP: 9/24 MP: 2/2
   217 | D:1      | Reached skill level 3 in Axes
   289 | D:1      | Reached XP level 3. HP: 28/29 MP: 3/3
   440 | D:1      | Found a faded altar of an unknown god.
   957 | D:2      | Reached skill level 4 in Axes
   957 | D:2      | Reached XP level 4. HP: 35/35 MP: 4/4
  1770 | D:3      | You pick up a book of Power and begin reading...
  1770 | D:3      | You add the spells Iskenderun's Battlesphere, Iron Shot and
                  | Spellforged Servitor to your library.
  1899 | D:3      | Noticed Jessica
  1908 | D:3      | Killed Jessica
  1909 | D:3      | Reached skill level 5 in Axes
  1909 | D:3      | Reached XP level 5. HP: 39/41 MP: 5/5
  2218 | D:3      | Found Qoygonebb's Armour Boutique.
  2398 | D:4      | Noticed Edmund
  2408 | D:4      | HP: 6/41 [Edmund/+3 flail of protection (6)]
  2409 | D:4      | Slain by Edmund

Vanquished Creatures
  Jessica (D:3)
  A gnoll (D:1)
  3 adders
  2 worms
  An orc (D:3)
  10 ball pythons
  6 bats
  7 endoplasms
  A giant cockroach (D:3)
  6 hobgoblins
  3 jackals (D:1)
  3 quokkas
  6 frilled lizards
  6 kobolds
  2 rats
58 creatures vanquished.

Vanquished Creatures (others)
  4 plants (D:2)
4 creatures vanquished.

Grand Total: 62 creatures vanquished

Table legend:
 A = Non-vault XP
 B = Vault XP
 C = Vault XP percentage of total XP
 D = Non-vault monster count
 E = Vault monster count
 F = Vault count percentage of total count
                 A         B        C        D         E       F
            +---------+---------+-------+---------+---------+-------
      Total |     125 |      62 |  33.2 |      49 |       9 |  15.5
            +---------+---------+-------+---------+---------+-------
        D:1 |      59 |       0 |   0.0 |      28 |       0 |   0.0
        D:2 |      18 |      25 |  58.1 |       9 |       8 |  47.1
        D:3 |      46 |      37 |  44.6 |      11 |       1 |   8.3
        D:4 |       2 |       0 |   0.0 |       1 |       0 |   0.0
            +---------+---------+-------+---------+---------+-------

Illustrated notes

Table legend:
 A = Kills in this place as a percentage of kills in the entire game.
 B = Kills by you in this place as a percentage of kills by you in the entire game.
 C = Kills by friends in this place as a percentage of kills by friends in the entire game.
 D = Other kills in this place as a percentage of other kills in the entire game.
 E = Experience gained in this place as a percentage of experience gained in the entire game.
 F = Experience gained in this place divided by the number of levels of this place that you have seen.
                   A       B       C       D       E      F
               +-------+-------+-------+-------+-------+----------------------
         Total | 100.0 | 100.0 |   N/A |   N/A | 100.0 |  46.8
       Dungeon | 100.0 | 100.0 |   N/A |   N/A | 100.0 |  46.8
               +-------+-------+-------+-------+-------+----------------------

Table legend: (Time is in decaauts)
 A = Elapsed time spent in this place.
 B = Non-inter-level travel time spent in this place.
 C = Inter-level travel time spent in this place.
 D = Time resting spent in this place.
 E = Time spent auto-exploring this place.
 F = Levels seen in this place.
 G = Mean time per level.
                   A        B        C        D        E       F      G
               +--------+--------+--------+--------+--------+-----+--------+
         Total |   2460 |   2398 |     62 |      0 |   1914 |   4 |  615.0 |
       Dungeon |   2460 |   2398 |     62 |      0 |   1914 |   4 |  615.0 |
               +--------+--------+--------+--------+--------+-----+--------+

Top non-repeatable levels by time:
     D:2: 965 daAuts
     D:3: 765 daAuts
     D:1: 648 daAuts
     D:4: 80 daAuts
